Cogmind - Beta 11.1 @@@ ROGUE MODE // 2022.05.27 @ 10:24:43 Player: Demise Result: Destroyed by 8R-AWN with 8R-AWN's Boregun Performance ------------- Evolutions (0) 0 Regions Visited (3) 600 Robots Destroyed (21) 105 Value Destroyed (348) 348 Prototype IDs (37) 740 Alien Tech Used (0) 0 Bonus (300) 300 TOTAL SCORE: 2093 Bonus ------- Aligned with FarCom 300 Cogmind --------- Core Integrity 0/250 Matter 177/500 Energy 125/125 System Corruption 7% Temperature Cool (12) Movement Rolling (135) Ox3 Location -10/Exiles Parts ------- > --- POWER (1) -------- Light Ion Engine > --- PROPULSION (2) --- Wheel Compact Wheel > --- UTILITY (2) ------ Huge Storage Unit High-capacity Matter Pod > --- WEAPON (2) ------- Autogun Autogun > --- INVENTORY (25) --- Cooling System Skeleton Box PSU Rigger Chronowheel Assault Rifle Assault Rifle Light Assault Rifle Grenade Launcher Datajack Plasma Cutter Plasma Cutter Peak State ------------ > --- POWER ------------ Light Nuclear Core > --- PROPULSION ------- Light Treads Wheel > --- UTILITY ---------- Huge Storage Unit Propulsion Shielding > --- WEAPON ----------- Autogun Autogun > --- INVENTORY -------- Light Ion Engine Wheel Compact Wheel Compact Wheel Cooling System High-capacity Matter Pod Skeleton Box PSU Rigger Chronowheel Assault Rifle Assault Rifle Light Assault Rifle Autogun Autogun Grenade Launcher Datajack Plasma Cutter Plasma Cutter [Rating: 15] Favorites ----------- Power Light Ion Engine Engine Light Ion Engine Power Core Light Nuclear Core Propulsion Compact Wheel Treads Light Treads Wheel Compact Wheel Utility Huge Storage Unit Device Seismic Detector Storage Huge Storage Unit Processor Signal Interpreter Protection Propulsion Shielding Weapon Autogun Ballistic Gun Autogun Launcher Grenade Launcher Special Melee Weapon Datajack Build | -11 -10 -10 -10 ------- Run | Scr Mat Min Exi Slots Evolved . | . . . . Power . | . . . . Propulsion . | . . . . Utility . | . . . . Weapon . | . . . . Parts Attached 43 | 7 18 4 14 Power 3 | 1 . 1 1 Engine 2 | 1 . . 1 Core 1 | . . 1 . Reactor . | . . . . Propulsion 10 | 2 3 1 4 Treads 1 | . . . 1 Leg . | . . . . Wheel 9 | 2 3 1 3 Hover . | . . . . Flight . | . . . . Utility 13 | 2 8 . 3 Device 4 | 1 3 . . Storage 6 | 1 3 . 2 Processor 1 | . 1 . . Hackware . | . . . . Protection 2 | . 1 . 1 Artifact . | . . . . Weapon 17 | 2 7 2 6 Energy Gun . | . . . . Energy Cannon . | . . . . Ballistic Gun 13 | 2 6 1 4 Ballistic Cannon . | . . . . Launcher 3 | . 1 1 1 Special Weapon . | . . . . Impact Weapon . | . . . . Slashing Weapon . | . . . . Piercing Weapon . | . . . . Special Melee Weapon 1 | . . . 1 Unidentified Prototypes . | . . . . Parts Lost 8 | . 1 . 7 Power 1 | . . . 1 Propulsion 3 | . . . 3 Utility 2 | . 1 . 1 Weapon 2 | . . . 2 Highest Loss Streak 7 | . 1 . 7 To Critical Strikes 2 | . . . 2 Average Slot Usage (%) 93 | . 98 100 79 Engine 7 | . 14 4 . Core 6 | . . 9 13 Wheel 27 | . 27 28 26 Device 9 | . 12 14 1 Storage 14 | . 14 14 15 Ballistic Gun 22 | . 27 27 8 Special Melee Weapon 2 | . . . 9 Naked Turns . | . . . . Heaviest Build 92 | 12 90 92 92 Greatest Support 32 | 32 32 32 26 Greatest Overweight (x) 9 | . 2 3 9 Average Overweight (x) 1 | . . 2 3 Largest Inventory Capacity 25 | 8 25 25 25 Average Capacity 21 | 7 16 25 25 Most Carried 25 | 1 18 25 25 Average Carried 17 | . 12 23 19 Final Capacity 25 | 8 25 25 25 Final Carried 25 | 1 18 25 11 Class Distribution -------------------- 56% | Mutant 43% | Commander-Mutant Dominant Class ---------------- Mutant | -10/Materials Commander-Mutant | -10/Mines Commander-Mutant | -10/Exiles Resources | -11 -10 -10 -10 ----------- Run | Scr Mat Min Exi Matter Collected 1449 | 294 331 147 677 Remotely . | . . . . Salvage Created 675 | 112 439 124 . Parts 49 | 4 34 11 . Haulers Intercepted 1 | . 1 . . Recyclers Shooed 1 | . 1 . . Parts Field Recycled . | . . . . Retrieved Matter . | . . . . Parts Self-Destructed . | . . . . Prevented . | . . . . Kills | -11 -10 -10 -10 ------- Run | Scr Mat Min Exi Combat Hostiles Destroyed 11 | . 6 5 . Guns 6 | . 4 2 . AOE 5 | . 2 3 . Classes Destroyed 8 | 2 5 1 . Worker 1 | . . 1 . Tunneler 1 | 1 . . . Hauler 1 | . 1 . . Recycler 3 | 1 2 . . Operator 1 | . 1 . . Watcher 3 | . 3 . . Swarmer 6 | . 3 3 . Grunt 5 | . 3 2 . Best Kill Streak 3 | 2 3 3 . Combat Bots Only 3 | . 3 3 . Max Kills in Single Turn 2 | 1 2 2 . Gunslinging . | . . . . Exploded 2 | . 2 2 . Melee . | . . . . Uniques/NPCs Destroyed . | . . . . Combat | -11 -10 -10 -10 -------- Run | Scr Mat Min Exi Damage Taken 976 | . 154 194 628 Core 260 | . 31 77 152 Absorbed by Shields . | . . . . Redirected to Shielding 22 | . . . 22 Regen/Repaired (Parts) 26 | . 26 . . Core Remaining (%) 100 | 100 . . . Volleys Fired 76 | 6 29 12 29 Largest 2 | 2 2 2 2 Hottest 46 | 40 46 46 46 Shots Fired 145 | 12 55 22 56 Gun 141 | 12 53 20 56 Cannon . | . . . . Launcher 4 | . 2 2 . Special . | . . . . Kinetic 141 | 12 53 20 56 Thermal . | . . . . Explosive 4 | . 2 2 . Electromagnetic . | . . . . Robot Hit Streak 21 | 3 8 5 21 Robot Miss Streak 6 | 1 6 1 3 Penetration Max . | . . . . Secondary Targets 1 | . . 1 . Max Gunslinging Chain 1 | . . 1 . Shots Hit Robots 103 | 8 32 16 47 Core Hits 39 | 3 18 10 8 Critical Kills . | . . . . Critical Parts Destroyed . | . . . . Critical Strikes . | . . . . Melee Attacks 4 | . . . 4 Impact . | . . . . Slashing . | . . . . Piercing . | . . . . Sneak Attacks 4 | . . . 4 Combat Hostiles . | . . . . Follow-up Attacks . | . . . . Damage Inflicted 1723 | 93 624 349 657 Guns 1430 | 93 452 228 657 Cannons . | . . . . Explosions 293 | . 172 121 . Melee . | . . . . Ramming . | . . . . Kinetic 1430 | 93 452 228 657 Thermal . | . . . . Explosive 293 | . 172 121 . Electromagnetic . | . . . . Impact . | . . . . Slashing . | . . . . Piercing . | . . . . Highest Corruption 7 | . 7 7 7 Average Corruption 6 | . 6 7 7 Corruption Purged . | . . . . Corruption Blocked . | . . . . Effects 64 | . 22 22 20 Message Errors 18 | . 8 7 3 Matter Fused 18 | . 6 5 7 Heat Flow Errors 4 | . 2 . 2 Energy Discharges 9 | . 1 3 5 Data Loss (minor) 9 | . 2 4 3 Data Loss (major) 1 | . . 1 . Misfires 2 | . 1 1 . Weapon Failures 3 | . 2 1 . Overload Shots . | . . . . Overflow Damage . | . . . . Projectiles . | . . . . Explosions . | . . . . Melee . | . . . . Knockbacks . | . . . . Impact . | . . . . Kinetic . | . . . . Secondary . | . . . . Self-Inflicted Damage . | . . . . Shots . | . . . . Rammed . | . . . . Targets Rammed . | . . . . Kicked . | . . . . Crushed . | . . . . Highest Temperature 137 | . 137 59 112 Average Temperature 24 | . 22 26 24 Received Heat Transfer 168 | . 48 120 . Siege Activations . | . . . . Robots Corrupted . | . . . . Combat Hostiles . | . . . . Parts Fried . | . . . . Impact Corruptions . | . . . . Robots Melted . | . . . . Combat Hostiles . | . . . . Parts Melted . | . . . . Heat Transferred . | . . . . Parts Sabotaged . | . . . . Parts Stolen . | . . . . Parts Stripped . | . . . . Power Chain Reactions . | . . . . Missiles Intercepted . | . . . . Alert | -11 -10 -10 -10 ------- Run | Scr Mat Min Exi Peak Influence 206 | 10 206 197 . Initial 31 | . 6 31 . Average 76 | 4 80 77 . Maximum Alert Level 1 | . 1 . . Low Security (%) 98 | 100 97 100 . Level 1 1 | . 2 . . Level 2 . | . . . . Level 3 . | . . . . Level 4 . | . . . . Level 5 . | . . . . High Security . | . . . . Max Security . | . . . . Squads Dispatched 4 | . 4 . . Investigation 2 | . 2 . . Extermination . | . . . . Reinforcement 2 | . 2 . . Assault . | . . . . Garrison . | . . . . Intercept . | . . . . Searches Triggered . | . . . . Construction Impeded . | . . . . Haulers Reinforced . | . . . . Active Scanning Responses . | . . . . Cargo Convoy Interrupts . | . . . . Stealth | -11 -10 -10 -10 --------- Run | Scr Mat Min Exi Distress Signals . | . . . . Communications Jammed . | . . . . Distress Signals . | . . . . Times Spotted 20 | . 14 5 1 Peak Tracking Total 7 | . 3 3 7 Tactical Retreats . | . . . . Traps | -11 -10 -10 -10 ------- Run | Scr Mat Min Exi Traps Triggered 3 | . 3 . . Indirectly . | . . . . Trap Hack Attempts . | . . . . Triggered . | . . . . Disarmed . | . . . . Reprogrammed . | . . . . Reused 2 | . . . 2 Traps Extracted . | . . . . Installed 3 | . . . 3 Triggered . | . . . . Most Traps Carried 3 | . . 3 3 Exploded 3 | . . . 3 Machines | -11 -10 -10 -10 ---------- Run | Scr Mat Min Exi Machines Disabled 2 | . . . 2 Max in Single Turn 1 | . . . 1 Machines Sabotaged . | . . . . Garrisons Compromised . | . . . . Overloaded Fab Kills . | . . . . Hacking | -11 -10 -10 -10 --------- Run | Scr Mat Min Exi Machines Accessed 12 | . 9 1 2 Terminals 7 | . 6 1 . Fabricators . | . . . . Repair Stations 1 | . 1 . . Recycling Units 2 | . 2 . . Scanalyzers . | . . . . Garrison Access . | . . . . Total Hacks 37 | . 32 3 2 Successful 21 | . 18 1 2 Failed 16 | . 14 2 . Catastrophic 2 | . 2 . . Database Lockouts . | . . . . Manual 24 | . 20 3 1 Terminals 25 | . 22 3 . Fabricators . | . . . . Repair Stations 4 | . 4 . . Recycling Units 6 | . 6 . . Scanalyzers . | . . . . Garrison Access . | . . . . Terminal Hacks 11 | . 8 1 2 Record 1 | . . . 1 Robot Analysis 4 | . 3 1 . Branch Access Points 2 | . 2 . . Terminal Index 1 | . 1 . . Recall Investigation 1 | . 1 . . Recall Reinforcements 1 | . 1 . . EX-Prototype ID Bank 1 | . . . 1 Fabricator Hacks . | . . . . Repair Station Hacks 4 | . 4 . . Scan Component 2 | . 2 . . Repair 2 | . 2 . . Recycling Unit Hacks 1 | . 1 . . Retrieve Components 1 | . 1 . . Scanalyzer . | . . . . Garrison Access Hacks . | . . . . Unauthorized Hacks 5 | . 5 . . Terminals 3 | . 3 . . Assimilate 1 | . 1 . . Botnet 2 | . 2 . . Fabricators . | . . . . Repair Stations . | . . . . Recycling Units 2 | . 2 . . Tunnel 2 | . 2 . . Scanalyzers . | . . . . Garrison Access . | . . . . Data Cores Recovered . | . . . . Used . | . . . . Hacking Detections 9 | . 8 1 . Full Trace Events 5 | . 4 1 . Feedback Events 1 | . 1 . . Corruption 1 | . 1 . . Feedback Blocked . | . . . . Robot Schematics Acquired . | . . . . Robots Built . | . . . . Authchips . | . . . . Time . | . . . . Total Robot Build Rating . | . . . . Part Schematics Acquired . | . . . . Parts Built . | . . . . Authchips . | . . . . Time . | . . . . Total Part Build Rating . | . . . . Parts Repaired 2 | . 2 . . Time 58 | . 58 . . Parts Recycled . | . . . . Recycled Matter . | . . . . Retrieved Matter . | . . . . Retrieved Components . | . . . . Parts Scanalyzed . | . . . . Part Schematics Acquired . | . . . . Parts Damaged . | . . . . Bothacking | -11 -10 -10 -10 ------------ Run | Scr Mat Min Exi Used RIF Installer . | . . . . Robots Hacked 4 | . . . 4 Non-combat 3 | . . . 3 Combat 1 | . . . 1 Robot Hacks Applied 4 | . . . 4 parse_system 4 | . . . 4 Relay Couplers Released . | . . . . Fabnet Peak Effective % . | . . . . Robots Rewired . | . . . . Allies Hacked . | . . . . Hacks Repelled . | . . . . Allies | -11 -10 -10 -10 -------- Run | Scr Mat Min Exi Total Allies 4 | . 1 3 . Largest Group 4 | . 1 4 4 Highest-Rated Group 50 | . 10 50 50 Highest-Rated Ally 16 | . 10 16 16 Total Orders 5 | . 2 . 3 STAY 3 | . 1 . 2 FOLLOW 2 | . 1 . 1 Ally Attacks 27 | . . . 27 Total Damage 16 | . . . 16 Kills . | . . . . Allies Corrupted . | . . . . Allies Melted . | . . . . Intel | -11 -10 -10 -10 ------- Run | Scr Mat Min Exi Robot Analysis Total 4 | . 3 1 . Derelict Logs Recovered 2 | . . 2 . Drone Launches . | . . . . Drone Recoveries . | . . . . Exploration | -11 -10 -10 -10 ------------- Run | Scr Mat Min Exi Turns Passed 2732 | 64 1093 829 746 Spaces Moved 1826 | 37 785 581 423 Core 2 | 2 . . . Treads . | . . . . Legs . | . . . . Wheels 1824 | 35 785 581 423 Hover . | . . . . Flight . | . . . . Fastest Speed 50 | 50 100 130 135 Average Speed 123 | 97 110 133 137 Slowest Speed 215 | 100 130 135 215 Overloaded Moves . | . . . . Propulsion Burnouts . | . . . . Robots Hopped . | . . . . Cave-ins Triggered . | . . . . Exploration Rate (%) 67 | 4 98 97 71 Regions Visited 3 Branch Regions 2 Pre-discovered Areas 4 | . 2 1 1 Known Exits Taken 1 | . 1 . . Unknown Exits Taken 2 | 1 . 1 . Scrap Searched 1 | . . 1 . Spaces Dug . | . . . . Terrain Destroyed 22 | . 8 14 . Melee . | . . . . Projectile . | . . . . AOE 22 | . 8 14 . Terrain Rammed . | . . . . Walls Destroyed . | . . . . Machines Disabled . | . . . . Actions | -11 -10 -10 -10 --------- Run | Scr Mat Min Exi Total 2190 | 50 976 616 548 Wait 136 | . 82 8 46 Move 1823 | 36 784 580 423 Hop . | . . . . Pick Up 55 | 1 36 8 10 Fast Attach 13 | 7 5 1 . Attach 13 | . 4 . 9 Detach 5 | . 2 1 2 Swap 17 | . 9 3 5 Drop 45 | . 25 3 17 Fire 76 | 6 29 12 29 Melee 4 | . . . 4 Ram . | . . . . Kick . | . . . . Crush . | . . . . Escape Stasis . | . . . . Rewire . | . . . . Trap 3 | . . . 3 Miscellaneous . | . . . . Route ------- -11/Scrapyard -10/Materials (discovered 5 exits: *Mat x3 / *Min x2) -10/Mines (discovered 3 exits: *Mat x2 / *Exi) -10/Exiles (discovered 2 exits: [*Min x2]) History --------- Turn | Location | Event 11 | -11/Scrapyard | Discovered new exit (range 14) 65 | -11/Scrapyard | Entered Materials 183 | -10/Materials | Identified exit to Mines 312 | -10/Materials | Build established: Mutant 574 | -10/Materials | Discovered new exit (range 9) 583 | -10/Materials | Identified exit to Materials 756 | -10/Materials | Discovered exit to Materials (range 3) 979 | -10/Materials | Discovered exit to Materials (range 12) 1074 | -10/Materials | Repaired Autogun 1106 | -10/Materials | Repaired Com. Wheel 1158 | -10/Materials | Entered Mines 1158 | -10/Mines | Accompanied by 1 ally 1186 | -10/Mines | Discovered exit to Materials (range 8) 1461 | -10/Mines | Assisted by bots powering up and referring to "LRC-V3" 1553 | -10/Mines | Learned Materials garrison access intel 1557 | -10/Mines | Discovered exit to Materials (range 5) 1699 | -10/Mines | Deemed a non-threat by the Exiles lab entrance 1699 | -10/Mines | Discovered new exit (range 5) 1758 | -10/Mines | Build established: Commander-Mutant 1813 | -10/Mines | Learned location of Storage (-9) 1865 | -10/Mines | Found a hidden stash of uninstalled traps 1987 | -10/Mines | Entered Exiles 1987 | -10/Exiles | Accompanied by 4 allies 2009 | -10/Exiles | Discovered new exit (range 14) 2082 | -10/Exiles | Met 8R-AWN 2107 | -10/Exiles | Met EX-HEX 2192 | -10/Exiles | Met EX-DEC 2232 | -10/Exiles | Learned location of Zion (-6) 2299 | -10/Exiles | Discovered new exit (range 11) 2400 | -10/Exiles | Met EX-BIN 2417 | -10/Exiles | Aligned with FarCom system 2418 | -10/Exiles | Given EX-Vault access code 2449 | -10/Exiles | Opened EX-Vault 2456 | -10/Exiles | Found Skeleton Box 2462 | -10/Exiles | Found Chronowheel 2465 | -10/Exiles | Found PSU Rigger 2493 | -10/Exiles | Warned to stay clear of 0b10 Research branches 2553 | -10/Exiles | Attacked by the Exiles 2691 | -10/Exiles | Core integrity fell below 50% 2721 | -10/Exiles | Core integrity fell below 20% 2733 | -10/Exiles | Destroyed by 8R-AWN with 8R-AWN's Boregun Last Messages --------------- 02690_ Penetrated by HV Slug. 02690_ HV Slug penetrates Earth. 02695_ Penetrated by HV Slug. 02695_ HV Slug penetrates Earth. 02695_ Penetrated by HV Slug. 02695_ HV Slug penetrates Earth. 02697_ Earth collapses. 02699_ Penetrated by HV Slug. 02699_ Lgt. Nuclear Core destroyed. 02699_ Penetrated by HV Slug. 02703_ HV Slug penetrates Wall. 02707_ Penetrated by HV Slug. 02710_ System corrupted: Matter fused (-7). 02712_ Penetrated by HV Slug. 02712_ Com. Wheel destroyed. 02716_ Penetrated by HV Slug. 02724_ HV Slug penetrates Wall. 02724_ HV Slug penetrates Machine. 02724_ Machine disabled. 02724_ Penetrated by HV Slug. Map ----- +----------------------------------------------------+ | ?????????????????????????????????????????????????? | | ?????????####????????????????????????????????????? | | ????????## ##??????????????????????????????????? | | ????????# #??????????????????????????????????? | | ????????# < #??????????????????????????????????? | | ????????# ###????????????????????????????????? | | ????????# #????????????????????????????????? | | ????????# ##????????????????????????????????? | | ????????## #?????????????????????????????????? | | ?????????# ##????????????????????????????????? | | ?????????## #????????????#######?????????????? | | ??????????# #######??????#!!! "#?????????????? | | ??????????# #""##?????# "#?????????????? | | ??????????## #?????; "#?????????????? | | ???????????##" ##???#; ""#?????????????# | | ???????????#"" ##### ""#???????????? | | ???????????#### #; *%""#????????????" | | ??????????????## # %=###????????????" | | ???????????????#"## =!##????????????"" | | ???????????????####### "#????????????"" | | ?????????????????????### #???????????? | | ???????????????######## ###???????????" | | ???????????????# !!"""" " #????????# | | ???????????????#! g ### ""###???### | | ???????????????#! #?## % % "#####X# | | ???????????????#! @##??#" | | ???????????????# !""""" ;;#???#"# % | | ???????????????########## #???#### | | ????????????????????????# #??????### | | ????????????????????????# #????????### | | ????????????????????????# #??????????## | | ????????????????????????# #???????????## | | ????????????????????????# #????????????##" | | ????????????????????????# #?????????????#""" | | ????????????????????????? ?????????????##" | | ????????????????????????? ?????????????#"" | | ????????????????????????? ????????????##""" | | ????????????????????????? ????????????#""" | | ????????????????????????? ????????????#""" | | ????????????????????????? ????????????#"" | | ????????????????????????? ????????????#""" | | ??????????????????????????????????????#"" | | ??????????????????????????????????????##"" | | ???????????????????????????????????????#"""" | | ???????????????????????????????????????## | | ????????????????????????????????????????#" | | ????????????????????????????????????????#"""" | | ????????????????????????????????????????#"" | | ????????????????????????????????????????#" | | ?????????????????????????????????????????""" | +----------------------------------------------------+ Best States ------------- Heat Dissipation 25 Energy Generation 14 Energy Capacity 160 Matter Stores 300 Matter Capacity 500 Sight Range 16 Terrain Scan Density 10 Armor Coverage 150 Propulsion Shielding 33 Evasion (%) 40 Recoil Reduction 1 Item Schematics ----------------- None Robot Schematics ------------------ None Fabricated ------------ Nothing Alien Tech Used ----------------- None Achievements -------------- None Challenges ------------ None Game ------ Seed FortressSpikedShearcannon Manual? 0 Play Time 00:23:55 Cumulative 510.5 hours Start 2022.05.26 @ 16:19:33 End 2022.05.27 @ 10:24:43 Sessions 3 Manual Loads 0 Difficulty Rogue Special Mode None Game No. 419 Rogue 419 Adventurer 0 Explorer 0 Win Type - Total 3 Types 2/0/0/1/0/0/0/0/0 Lore% 70 Gallery% 82 Achievement% 66 Wizard Run 0 Options --------- ASCII 0 Keyboard 1 Movement Numpad Keybinds 0 Fullscreen 1 Font 12/Terminus Map View 83x54 Tactical HUD 1 Map Filters NONE Filters NONE Steam 1 RUN: 82a29e6d-25dc-4e4c-882b-7725619c113b